 Dungeon Crawl Stone Soup version 0.23-a0-622-g59b4ea9 (webtiles) character file.

490 Blackhawk the Shield-Bearer (level 6, 19/57 HPs)
             Began as a Deep Dwarf Fighter on Dec 21, 2018.
             Was an Initiate of Makhleb.
             Quit the game on level 5 of the Dungeon on Dec 23, 2018.
             The game lasted 00:14:27 (3424 turns).

Blackhawk the Shield-Bearer (Deep Dwarf Fighter)    Turns: 3424, Time: 00:14:28

Health: 19/57      AC:  9    Str: 22    XL:     6   Next: 90%
Magic:  6/6        EV:  7    Int:  8    God:    Makhleb [......]
Gold:   201        SH: 10    Dex: 12    Spells: 5/5 levels left

rFire    . . .     SeeInvis .   k - +1 dagger (venom)
rCold    . . .     Gourm    .   c - +0 shield
rNeg     . . .     Faith    .   b - +0 scale mail
rPois    .         Spirit   .   (no helmet)
rElec    .         Reflect  .   B - +0 cloak
rCorr    .         Harm     +   y - +0 pair of gloves
MR       .....                  (no boots)
Stlth    ..........             C - amulet of harm
HPRegen  0.00/turn              (no ring)
MPRegen  0.10/turn              (no ring)

@: non-regenerating
A: damage resistance, heal wounds, sense surroundings 1, no regeneration
a: Heal Wounds, Renounce Religion


You were on level 5 of the Dungeon.
You worshipped Makhleb.
Makhleb was noncommittal.
You were not hungry.

You visited 2 branches of the dungeon, and saw 6 of its levels.

You collected 201 gold pieces.

Inventory:

Hand Weapons
 a - a +0 flail
 k - a +1 dagger of venom (weapon)
Missiles
 g - 87 stones (quivered)
Armour
 b - a +0 scale mail (worn)
 c - a +0 shield (worn)
 w - a +0 large shield
 y - a +0 pair of gloves (worn)
 B - a +0 cloak (worn)
Jewellery
 C - an amulet of harm (around neck)
Wands
 s - a wand of digging (4)
 v - a wand of random effects (14)
Scrolls
 j - 2 scrolls of enchant weapon {unknown}
 l - 8 scrolls of identify {unknown}
 q - 3 scrolls of remove curse {unknown}
 r - 3 scrolls of teleportation {unknown}
 u - 2 scrolls of noise {unknown}
 x - a scroll of blinking {unknown}
Potions
 d - a potion of might
 e - 3 potions of haste {unknown}
 h - a potion of heal wounds {unknown}
 i - 2 potions of invisibility {unknown}
 m - 2 potions of cancellation {unknown}
 n - a potion of agility {unknown}
 o - 2 potions of berserk rage {unknown}
 p - a potion of curing {unknown}
 t - a potion of ambrosia {unknown}
 A - 2 potions of mutation {unknown}
Comestibles
 f - 11 rations
 z - 2 chunks of flesh


   Skills:
 + Level 4.1 Fighting
 + Level 3.9 Maces & Flails
 + Level 5.0 Armour
 * Level 5.5 Shields


You had 5 spell levels left.
You didn't know any spells.
Your spell library contained the following spells:

 Spells                   Type           Power        Failure   Level  Hunger
 Magic Dart               Conj           #...         98%         1    ##.....
 Searing Ray              Conj           #.....       99%         2    ###....
 Dazzling Spray           Conj/Hex       #.....       100%        3    ####...
 Force Lance              Conj/Tloc      #.......     100%        4    #####..
 Fulminant Prism          Conj/Hex       #.........   100%        4    #####..
 Iskenderun's Mystic Bla  Conj           #.......     100%        4    #####..


Dungeon Overview and Level Annotations

Branches:
Dungeon (5/15)             Temple (1/1) D:4

Altars:
Ashenzari
Cheibriados
Fedhas
Gozag
Kikubaaqudgha
Makhleb
Okawaru
Qazlal
Ru
Sif Muna
Trog
Uskayaw
Vehumet
Wu Jian
Xom
Yredelemnul
The Shining One

Shops:
D:5 (

Annotations:
D:2 Natasha


Innate Abilities, Weirdness & Mutations

You are resistant to damage.
You can heal yourself by infusing magical energy.
You passively map a small area around you.
You do not regenerate.


Message History

The adder skeleton is severely damaged.
The adder skeleton barely misses you.
You hit the adder skeleton.
The adder skeleton is severely damaged.
The adder skeleton bites you.
You hit the adder skeleton.
The adder skeleton is almost destroyed.
The adder skeleton bites you but does no damage.
You hit the adder skeleton.
You destroy the adder skeleton!
Makhleb accepts your kill.
Things that are here:
a +0 shortbow; 14 arrows You see here a quokka corpse.
You butcher the quokka corpse.
z - 2 chunks of flesh You see here a quokka skeleton.
C - an amulet of harm (around neck)
Okay, then.
Are you sure you want to abandon this character and quit the game? (Confirm

#.#####............S......#
##.#######..####...#######.#
#...........# #.# *
#..########.# #, #.# * #..#
#.###...# **#.# #..#
#<....#.# ,,... #..#
#####...# , ### #..#
########.)#, #..# #...@...#
, , #..# ####.####)## * **
#..###....###(## *
#..............# *
#..###..........# *
#.......#.###...# ,
#..####.#.# ....# , ...#
#.#.# ...c.* * , ##..# #.#..
.....#


There were no monsters in sight!

Vanquished Creatures
  An ogre (D:4)
  A centaur (D:5)
  A crimson imp (D:4)
  A bullfrog skeleton (D:4)
  2 hounds (D:4)
  Jessica (D:2)
  Natasha (twice) (D:2)
  A worker ant (D:4)
  An adder (D:4)
  An ooze (D:4)
  An adder skeleton (D:5)
  2 dart slugs (D:1)
  A leopard gecko (D:1)
  6 orcs
  7 giant cockroaches
  9 goblins
  6 hobgoblins
  4 jackals (D:1)
  7 kobolds
  3 quokkas
  2 ball pythons
  15 bats
  5 frilled lizards
  A leopard gecko skeleton (D:4)
  9 rats
90 creatures vanquished.

Notes
Turn   | Place    | Note
-------+----------+-------------------------------------------
     0 | D:1      | Blackhawk the Deep Dwarf Fighter began the quest for the
                  | Orb.
     0 | D:1      | Reached XP level 1. HP: 20/20 MP: 1/1
   159 | D:1      | Reached XP level 2. HP: 22/27 MP: 2/2
   477 | D:1      | Reached XP level 3. HP: 26/34 MP: 3/3
   869 | D:2      | Noticed Natasha
   895 | D:2      | Killed Natasha
   895 | D:2      | Reached XP level 4. HP: 16/42 MP: 4/4
  1030 | D:2      | Noticed Natasha
  1078 | D:2      | Killed Natasha
  1174 | D:2      | Noticed Jessica
  1176 | D:2      | Killed Jessica
  1397 | D:2      | Noticed Natasha
  1523 | D:2      | Reached XP level 5. HP: 37/49 MP: 5/5
  1556 | D:3      | Upgraded the game from 0.23-a0-612-gcb482e9 to
                  | 0.23-a0-622-g59b4ea9
  2155 | D:3      | Found a hide-covered altar of Uskayaw.
  2699 | D:4      | Reached XP level 6. HP: 31/57 MP: 6/6
  2889 | D:4      | Reached skill level 5 in Shields
  2921 | D:4      | Found a staircase to the Ecumenical Temple.
  2931 | Temple   | Entered the Ecumenical Temple
  3080 | Temple   | Became a worshipper of Makhleb the Destroyer
  3294 | D:5      | Entered Level 5 of the Dungeon
  3311 | D:5      | Noticed a water moccasin
  3374 | D:5      | Found Popev's Antique Weapon Boutique.
  3401 | D:5      | Reached skill level 5 in Armour
  3424 | D:5      | Quit the game

Vault maps used:
D:1:      saegor_arrival_miasma, dk_noncrumbling_3, st_stairs_5
D:2:      uniq_natasha, uniq_jessica
D:3:      lemuel_coloured_pillars_altar, chequers_serial_rivers_marsh,
          kennysheep_crisscross
D:4:      minmay_temple_entry_glassed_door, first_ration
D:5:      gammafunk_temple_overflow_claw, serial_shops, shop, uniq_blork_the_orc
Temple:   eino_temple_scatter_basement

Skill      XL: |  1  2  3  4  5  6 |
---------------+-------------------+-----
Fighting       | 3 4 |  4.1
Shields        | 4 5 |  5.5
Armour         | 4 5 |  5.0
Maces & Flails | 3 |  3.9

Action                   |  1- 3 |  4- 6 || total
-------------------------+-------+-------++-------
Melee: Flail             |    51 |       ||    51
       Dagger            |    74 |   152 ||   226
 Abil: Heal Wounds       |       |     2 ||     2
  Eat: Chunk             |       |     8 ||     8
Armor: Scale mail        |    74 |    57 ||   131
Dodge: Dodged            |    39 |    50 ||    89
Block: Shield            |    59 |    82 ||   141

Table legend:
 A = Non-vault XP
 B = Vault XP
 C = Vault XP percentage of total XP
 D = Non-vault monster count
 E = Vault monster count
 F = Vault count percentage of total count
                 A         B        C        D         E       F
            +---------+---------+-------+---------+---------+-------
      Total |     624 |      76 |  10.9 |      85 |       5 |   5.6
            +---------+---------+-------+---------+---------+-------
        D:1 |      45 |       4 |   8.2 |      26 |       3 |  10.3
        D:2 |      75 |      72 |  49.0 |      27 |       2 |   6.9
        D:3 |      19 |       0 |   0.0 |      13 |       0 |   0.0
        D:4 |     365 |       0 |   0.0 |      15 |       0 |   0.0
        D:5 |     120 |       0 |   0.0 |       4 |       0 |   0.0
            +---------+---------+-------+---------+---------+-------
